 Dungeon Crawl Stone Soup version 0.25-a0-545-ge4db218afc (webtiles) character file.

Game seed: 174919802930291638, levelgen mode: deterministic

241 Jannitor the Chopper (level 6, -5/32 HPs)
             Began as a Vine Stalker Fighter on Feb 21, 2020.
             Killed by nerve-wracking pain
             ... invoked by Menkaure
              (13 damage)
             ... on level 4 of the Dungeon.
             The game lasted 00:02:16 (1776 turns).

Jannitor the Chopper (Vine Stalker Fighter)         Turns: 1776, Time: 00:02:17

Health: -5/32      AC:  8    Str: 20    XL:     6   Next: 8%
Magic:  0/7        EV:  7    Int:  8    God:
Gold:   131        SH:  9    Dex: 14    Spells: 5/5 levels left

rFire    + . .     SeeInvis .   a - +0 war axe
rCold    + . .     Gourm    .   c - +0 kite shield
rNeg     . . .     Faith    +   b - +0 scale mail
rPois    +         Spirit   +   (no helmet)
rElec    +         Reflect  .   (no cloak)
rCorr    +         Harm     .   q - +0 pair of gloves
MR       .....                  (no boots)
Stlth    ..........             e - amulet of faith
HPRegen  0.50/turn              i - ring of poison resistance
MPRegen  0.10/turn              (no ring)

@: resistant
A: fangs 2, regeneration 1, magic shield, antimagic bite, no potion heal 3, rot
immunity
a: no special abilities


You were on level 4 of the Dungeon.
You were not hungry.

You visited 1 branch of the dungeon, and saw 4 of its levels.

You collected 131 gold pieces.

Inventory:

Hand Weapons
 a - a +0 war axe (weapon)
Missiles
 g - 41 poisoned darts (quivered)
Armour
 b - a +0 scale mail (worn)
 c - a +0 kite shield (worn)
 q - a +0 pair of gloves (worn)
Jewellery
 e - an amulet of faith (around neck)
 i - a ring of poison resistance (left hand)
Scrolls
 k - a scroll of remove curse
 m - 2 scrolls of random uselessness
 u - a scroll of identify
Potions
 d - a potion of cancellation
 h - 2 potions of resistance
 j - a potion of flight {unknown}
 l - a potion of curing {unknown}
 p - a potion of ambrosia {unknown}
 r - a potion of degeneration {unknown}
 s - a potion of stabbing {unknown}
 v - a potion of heal wounds
Comestibles
 f - 8 rations
 o - 4 chunks of flesh


   Skills:
 + Level 3.5 Fighting
 * Level 3.7 Axes
 + Level 3.2 Armour
 + Level 3.6 Shields


You had 5 spell levels left.
You didn't know any spells.
Your spell library was empty.

Dungeon Overview and Level Annotations

Branches:
Dungeon (4/15)
 Temple: D:4-7

Altars:
Ru

Annotations:
D:4 Edmund, Menkaure


Innate Abilities, Weirdness & Mutations

You have extremely sharp teeth.
Your natural rate of healing is unusually fast.
When hurt, damage is shared between your health and your magic reserves.
Your bite disrupts and absorbs the magic of your enemies.
Potions cannot restore your health.
You are immune to rotting.


Message History

You slash Edmund! Your bite misses Edmund.
Edmund is severely wounded.
Menkaure hits you! You block Edmund's attack.
Unknown command.
Okay, then.
Unknown command.
Okay, then.
Unknown command.
It was a potion of resistance.
You feel protected.
Menkaure calls on the powers of darkness!
Edmund convulses!
Your body is wracked with pain!
* * * LOW HITPOINT WARNING * * *
You block Edmund's attack.
Menkaure calls on the powers of darkness!
Edmund convulses!
Your body is wracked with pain!
* * * LOW HITPOINT WARNING * * *
Menkaure gestures at you while chanting.
Pain shoots through your body!
You die...

.. ..............>........
.. #..#####.###..#......÷
#. #.........##..#.......
###..#.......#.##..#.......
............[#.###.########
.............#.# #.## #####
....##..#M####.# #..###....
. ##....####.####.##.....
#....@@.......#..#.....
##.#..###..####..#.....
#...............÷...[.
###...................
....................
.........#...#.....##
........ #...#.......
#..... #...........
....#########


You could see Edmund and Menkaure.

Vanquished Creatures
  An ice beast (D:3)
  An orc wizard (D:3)
  5 adders
  An ooze (D:2)
  An adder skeleton (D:4)
  2 worms
  10 dart slugs
  2 leopard geckos
  4 orcs (D:3)
  4 bats
  A giant cockroach (D:2)
  2 goblins (D:3)
  A hobgoblin (D:2)
  2 jackals (D:4)
  2 quokkas
  2 ball pythons
  3 frilled lizards
  2 kobolds (D:3)
  3 rats
49 creatures vanquished.

Notes
Turn   | Place    | Note
-------+----------+-------------------------------------------
     0 | D:1      | Jannitor the Vine Stalker Fighter began the quest for the
                  | Orb.
     0 | D:1      | Reached XP level 1. HP: 11/11 MP: 2/2
   121 | D:2      | Reached XP level 2. HP: 16/16 MP: 3/3
   275 | D:2      | Reached XP level 3. HP: 19/19 MP: 4/4
   986 | D:2      | Gained mutation: Your natural rate of healing is unusually
                  | fast. [Vine Stalker growth]
   986 | D:2      | Reached XP level 4. HP: 21/24 MP: 3/5
  1065 | D:2      | Found a sacrificial altar of Ru.
  1312 | D:3      | Noticed an ice beast
  1321 | D:3      | Killed an ice beast
  1321 | D:3      | Reached XP level 5. HP: 13/28 MP: 2/6
  1446 | D:3      | Reached XP level 6. HP: 32/32 MP: 7/7
  1762 | D:4      | Noticed Edmund
  1765 | D:4      | Noticed Menkaure
  1776 | D:4      | Killed from afar by Menkaure

Levels and vault maps discovered:
D:1:      lightli_arrival_lavapool, layout_basic, chequers_serial_rivers_small_3
D:2:      minmay_wonky_spiral, layout_loops_ring, nicolae_ru_path_of_blood
D:3:      kennysheep_slugbush, layout_basic
D:4:      layout_basic, nicolae_overflow_quartered_altars, marbit_many_paths,
          nicolae_gozag_cash_rules_everything_around_me,
          nicolae_overflow_hidden_temple, first_ration, uniq_menkaure,
          uniq_edmund

Skill      XL: |  1  2  3  4 |
---------------+-------------+-----
Axes           | 2 3 |  3.7
Fighting       | 3 |  3.5
Shields        | 3 |  3.6
Armour         | 3 |  3.2

Action                   |  1- 3 |  4- 6 || total
-------------------------+-------+-------++-------
Melee: War axe           |    63 |    74 ||   137
       Bite              |    17 |    25 ||    42
  Use: Potion            |       |     2 ||     2
       Scroll            |       |     6 ||     6
  Eat: Chunk             |       |     3 ||     3
Armor: Scale mail        |    22 |    35 ||    57
Dodge: Dodged            |    30 |    19 ||    49
Block: Kite shield       |    34 |    37 ||    71

Table legend:
 A = Non-vault XP
 B = Vault XP
 C = Vault XP percentage of total XP
 D = Non-vault monster count
 E = Vault monster count
 F = Vault count percentage of total count
                 A         B        C        D         E       F
            +---------+---------+-------+---------+---------+-------
      Total |     288 |      57 |  16.5 |      37 |      12 |  24.5
            +---------+---------+-------+---------+---------+-------
        D:1 |       5 |       0 |   0.0 |       2 |       0 |   0.0
        D:2 |      61 |      21 |  25.6 |      13 |       3 |  18.8
        D:3 |     199 |      36 |  15.3 |      18 |       9 |  33.3
        D:4 |      23 |       0 |   0.0 |       4 |       0 |   0.0
            +---------+---------+-------+---------+---------+-------
